 Dungeon Crawl Stone Soup version 0.30-b1-2-g02819fbbbe (webtiles) character file.

Game seed: 9372764983513792191

135 Metae the Trooper (level 4, -7/41 HPs)
             Began as a Minotaur Fighter on July 3, 2023.
             Blown up by Ijyb (13 damage)
             ... with a mindburst bolt
             ... on level 3 of the Dungeon.
             The game lasted 00:09:20 (2447 turns).

Metae the Trooper (Minotaur Fighter)                Turns: 2447, Time: 00:09:21

Health: -7/41      AC:  9    Str: 23    XL:     4   Next: 97%
Magic:  3/3        EV: 10    Int:  5    God:
Gold:   68         SH:  4    Dex:  9    Spells: 3/3 levels left

rFire   . . .        a - +0 war axe
rCold   . . .        c - +0 buckler
rNeg    . . .        b - +0 scale mail
rPois   .            l - +1 hat
rElec   .            (no cloak)
rCorr   .            m - +0 pair of gloves
SInv    .            (no boots)
Will    .....        (no amulet) Stlth
                     (no ring)
HPRegen 0.26/turn    (no ring)
MPRegen 0.08/turn

%: no passive effects
@: no status effects
A: horns 2, retaliatory headbutt
a: no special abilities


You were on level 3 of the Dungeon.
You visited 1 branch of the dungeon, and saw 3 of its levels.

You collected 107 gold pieces.
You spent 39 gold pieces at shops.

Inventory:

Hand Weapons
 a - a +0 war axe (weapon)
 n - the +4 dagger "Qumpiheri" {heavy, rN+}
   (You found it on level 2 of the Dungeon)

   rN:        It protects you from negative energy.
Armour
 b - a +0 scale mail (worn)
 c - a +0 buckler (worn)
 l - a +1 hat (worn)
 m - a +0 pair of gloves (worn)
Scrolls
 e - 5 scrolls of identify {unknown}
 f - 2 scrolls of immolation {unknown}
 g - a scroll of teleportation {unknown}
 r - a scroll of blinking {unknown}
 s - a scroll of vulnerability {unknown}
Potions
 d - 3 potions of might
 h - a potion of berserk rage {unknown}
 i - 2 potions of heal wounds {unknown}
 j - 2 potions of attraction {unknown}
 k - a potion of curing
 o - a potion of haste {unknown}
 p - a potion of invisibility {unknown}
 q - a potion of brilliance {unknown}


   Skills:
 + Level 4.5 Fighting
 + Level 3.5 Axes
 + Level 4.4 Armour
 + Level 2.0 Dodging
 + Level 4.4 Shields


You had 3 spell levels left.
You didn't know any spells.
Your spell library contained the following spells:

 Spells                   Type           Power      Damage    Failure   Level
 Summon Forest            Summ/Tloc      0%         N/A       100%        5
 Eringya's Noxious Bog    Tmut/Pois      0%         N/A       100%        6
 Summon Hydra             Summ           0%         N/A       100%        7


Dungeon Overview and Level Annotations

Branches:
Dungeon (3/15)

Altars:
Kikubaaqudgha

Shops:
D:1 !   D:3 !

Annotations:
D:3 Ijyb


Innate Abilities, Weirdness & Mutations

You have a pair of horns on your head.
You reflexively headbutt those who attack you in melee.


Message History

2 goblins come into view.
The goblin shouts! x2
Ijyb the Twisted Goblin comes into view.
She is wielding a +0 dagger, wearing a +2 scale mail of positive energy and carrying a wand of mindburst (11).
Found a scroll labelled JYAKHL WUNAZED.
Ijyb shouts!
There is a large open door here.
You barely miss the goblin. Your headbutt misses the goblin.
You hit the goblin.
You kill the goblin!
Ijyb zaps a wand.
You barely resist. The goblin hits you but does no damage.
Ijyb closely misses you. The goblin closely misses you.
You barely miss Ijyb. Your headbutt misses Ijyb. You closely miss the goblin.
Ijyb barely misses you. You furiously retaliate!
You headbutt Ijyb. The goblin hits you but does no damage.
You hit Ijyb.
Ijyb is moderately wounded.
You closely miss the goblin. The goblin misses you.
Ijyb hits you but does no damage.
You closely miss Ijyb.
Ijyb is moderately wounded.
You slash the goblin!
You kill the goblin!
Ijyb zaps a wand.
Your mind is blasted!
Ijyb zaps a wand.
You barely resist. You closely miss Ijyb.
Ijyb is moderately wounded.
Ijyb hits you but does no damage.
You barely miss Ijyb.
Ijyb is moderately wounded.
You block Ijyb's attack.
You hit Ijyb.
Ijyb is heavily wounded.
Ijyb zaps a wand.
Your mind is blasted!
Ijyb zaps a wand.
Your mind is blasted!
* * * LOW HITPOINT WARNING * * *
You completely miss Ijyb. Your headbutt misses Ijyb.
Ijyb is heavily wounded.
Ijyb closely misses you.
You hit Ijyb.
Ijyb is heavily wounded.
Ijyb zaps a wand.
Your mind is blasted!
You die...

############# ###
#...'.......# ≈≈#
#...'.@g....+ ≈≈#
#...#))....?#####≈≈#
#...##########...≈≈#
#............#...≈≈#
#............#...≈≈#
##'##.....##'##..≈≈#
#...#.....#...#..≈≈#
#...#..)).#...#..≈≈####
#...#..†..#...#..≈≈....


You could see Ijyb.

Vanquished Creatures
  4 adders
  3 dart slugs
  2 worms (D:3)
  10 endoplasms
  7 giant cockroaches
  5 hobgoblins
  6 jackals (D:3)
  5 quokkas
  10 ball pythons
  6 bats
  12 goblins
  4 kobolds
  5 rats
79 creatures vanquished.

Notes
Turn   | Place    | Note
-------+----------+-------------------------------------------
     0 | D:1      | Metae the Minotaur Fighter began the quest for the Orb.
     0 | D:1      | Reached XP level 1. HP: 19/19 MP: 0/0
   143 | D:1      | Reached XP level 2. HP: 25/27 MP: 1/1
   381 | D:1      | Found Cofum's Distillery.
   520 | D:1      | Reached skill level 1 in Dodging
   720 | D:1      | Reached XP level 3. HP: 30/33 MP: 2/2
  1058 | D:1      | Bought a potion of curing for 39 gold pieces
  1427 | D:2      | Reached XP level 4. HP: 32/40 MP: 3/3
  1450 | D:2      | Identified the +4 dagger "Qumpiheri" {heavy, rN+}
  1981 | D:3      | Found Lemollis's Distillery.
  2082 | D:3      | Found an ancient bone altar of Kikubaaqudgha.
  2435 | D:3      | Noticed Ijyb
  2447 | D:3      | Blown up by Ijyb

Illustrated notes

Levels and vault maps discovered:
D:1:      amcnicky_arrival_single_pillar, layout_basic, serial_shops,
          nicolae_shop_tiny_real_fake_doors
D:2:      layout_basic, minmay_pentomino_pile
D:3:      kennysheep_goblin_castle, layout_basic,
          nicolae_kikubaaqudgha_miasma_corner, serial_shops,
          nicolae_shop_rolling_square, portal_sewer_entry_b,
          kennysheep_generic_room_10, uniq_grinder

Skill      XL: |  1  2  3  4 |
---------------+-------------+-----
Dodging        | 1 2 |  2.0
Armour         | 4 |  4.4
Fighting       | 4 |  4.5
Shields        | 4 |  4.4
Axes           | 3 |  3.5

Action                     |  1- 3 |  4- 6 || total
---------------------------+-------+-------++-------
  Melee: War axe           |    76 |    67 ||   143
         Headbutt          |    11 |     7 ||    18
 Armour: Scale mail        |    42 |    43 ||    85
  Dodge: Dodged            |    40 |    58 ||    98
  Block: Buckler           |    21 |    22 ||    43
